cohdb
Replays
Latest Replays
All Replays
Popular Replays
Top Player Replays
Match Explorer
How It Works
Community
CoH3 Stats
Reddit
Sign in to upload your games and track your stats! →
Sign in with Steam
Match 47168636
Unlisted
Match 47168636
Overview
Messages
Build Orders
End
Construct Infanterie Kompanie
Kettenkrad Recon Vehicle
Selects Mechanized Battlegroup
Grenadier Squad
MG 42 Machine Gun Team
Grenadier Squad
Infanterie Officer Quarters
Construct Luftwaffe Kompanie
Medical Bunker
GrW 34 Mortar Team
Grenadier Squad
Selects Raid Package
Support Elements
Selects 8 Rad Armored Car
8 Rad Armored Car
Selects Spotting Scopes
anioki
苦寻成都富婆
Sky Blues
Murasame
HoSyuMa
TR
Ace-sa
asdqudwns
0
0
Comments
sign in to comment!
No comments posted yet!